 Dungeon Crawl Stone Soup version 0.29-a0-284-gf9362112df (webtiles) character file.

Game seed: 17087773935576359333

616 ryw the Twirler (level 7, -9/43 (52) HPs)
             Began as a Gnoll Wanderer on Mar 20, 2022.
             Mangled by a wight
             ... wielding a +4 long sword
              (11 damage)
             ... on level 4 of the Dungeon.
             The game lasted 00:08:26 (4992 turns).

ryw the Twirler (Gnoll Wanderer)                    Turns: 4992, Time: 00:08:27

HP:   -9/43 (52)    AC:  9    Str: 11    XL:     7   Next: 45%
MP:   15/15         EV: 10    Int: 11    God:
Gold: 241           SH:  0    Dex: 14    Spells: 17/17 levels left

rFire   . . .      SeeInvis .   s - +2 great sword
rCold   + . .      Faith    .   (shield currently unavailable)
rNeg    . . .      Spirit   .   r - +0 scale mail
rPois   .          Reflect  .   (no helmet)
rElec   .          Harm     .   c - +1 cloak
rCorr   .          Rampage  .   (no gloves)
Will    .....      Clarity  +   (no boots)
Stlth   +.........              (no amulet)
HPRegen 0.14/turn               (no ring)
MPRegen 0.14/turn               (no ring)

@: heavily drained
A: fangs 1, strong nose, distributed training, clarity, cold resistance 1
a: no special abilities


You were on level 4 of the Dungeon.
You visited 1 branch of the dungeon, and saw 5 of its levels.

You collected 241 gold pieces.

Inventory:

Hand Weapons
 s - a +2 great sword (weapon)
Missiles
 q - 3 poisoned darts (quivered)
Armour
 c - a +1 cloak (worn)
 e - a +0 robe
 h - a +2 kite shield of protection
 j - a +0 plate armour
 r - a +0 scale mail (worn)
Jewellery
 k - a ring of resist corrosion
Wands
 i - a wand of polymorph (6)
Scrolls
 d - a scroll of fear
 f - a scroll of immolation
 m - a scroll of teleportation
 n - a scroll of fog
 o - 3 scrolls of identify
Potions
 g - a potion of curing {unknown}
 l - 2 potions of attraction
 p - a potion of haste


   Skills:
 + Level 3.6 Fighting
 + Level 2.5 Short Blades
 + Level 2.5 Long Blades
 + Level 2.5 Axes
 + Level 2.5 Maces & Flails
 + Level 5.2 Polearms
 + Level 7.0 Staves
 + Level 2.5 Slings
 + Level 2.5 Bows
 + Level 2.5 Crossbows
 + Level 2.5 Throwing
 + Level 3.6 Armour
 + Level 3.6 Dodging
 + Level 2.5 Stealth
 + Level 2.5 Shields
 + Level 2.5 Unarmed Combat
 + Level 5.6 Spellcasting
 + Level 2.0 Conjurations
 + Level 2.0 Hexes
 + Level 2.0 Summonings
 + Level 2.0 Necromancy
 + Level 2.0 Translocations
 + Level 2.0 Transmutations
 + Level 2.0 Fire Magic
 + Level 2.0 Ice Magic
 + Level 2.0 Air Magic
 + Level 2.0 Earth Magic
 + Level 2.0 Poison Magic
 + Level 2.7 Invocations
 + Level 2.5 Evocations


You had 17 spell levels left.
You didn't know any spells.
Your spell library contained the following spells:

 Spells                   Type           Power      Damage    Failure   Level
 Summon Small Mammal      Summ           28%        N/A       43%         1
 Corpse Rot               Necr/Air       14%        N/A       56%         2
 Poisonous Vapours        Pois/Air       14%        N/A       56%         2
 Call Canine Familiar     Summ           7%         N/A       80%         3
 Summon Guardian Golem    Hex/Summ       7%         N/A       80%         3


Dungeon Overview and Level Annotations

Branches:
Dungeon (5/15)             Temple (0/1) D:5

Altars:

Shops:
D:2 ?   D:3 =?*?


Innate Abilities, Weirdness & Mutations

You have very sharp teeth.
Your uncanny sense of smell can sniff out nearby items.
Your experience applies equally to all skills.
You possess an exceptional clarity of mind.
Your flesh is cold resistant. (rC+)


Message History

Done exploring.
Done exploring.
Things that are here:
a +0 spear; a +0 robe; a +2 quarterstaff
There is a stone staircase leading down here.
You climb downwards.
The wight hits you with a +4 long sword!
You feel drained.
There is a stone staircase leading up, spattered with blood here.
Unknown command.
The wight hits you with a +4 long sword.
You climb upwards.
There is a stone staircase leading down here.
You hit the wight. Your bite misses the wight.
The wight is lightly damaged.
The wight hits you with a +4 long sword.
You feel drained. The wight hits you but does no damage.
You closely miss the wight. You bite the wight, but do no damage.
The wight is lightly damaged.
The wight barely misses you.
You closely miss the wight.
The wight is lightly damaged.
The wight hits you with a +4 long sword.
The wight hits you but does no damage.
You hit the wight.
The wight is moderately damaged.
The wight closely misses you.
You hit the wight. You bite the wight, but do no damage.
The wight is heavily damaged.
The wight hits you with a +4 long sword!
* * * LOW HITPOINT WARNING * * *
The wight closely misses you.
You closely miss the wight.
The wight is moderately damaged.
The wight hits you with a +4 long sword.
* * * LOW HITPOINT WARNING * * *
You feel drained.
* * * LOW HITPOINT WARNING * * *
The wight hits you with a +4 long sword!
You die...

............# ###########.#######
#.......# #
#.#####.############### # #.#
#.......[......... #
#####.####..##############. #
#...z...รท...# #. # #.###.###...#
### #< # #.##...##.@z########.###
#. # #z#.....#..............# #.
# #...........######.....###. #
#.#.....#..## #............ #
#.##...##..# #.##.....###. #
##z###.###..# #.........##.
######.......[>..# #.####..#.##.
)......#.##.#....# ##.## #..#.##.
######...##......###...###.(.....


You could see a wight.

Vanquished Creatures
  An ogre (D:4)
  A necrophage (D:3)
  2 wights (D:4)
  A scorpion (D:4)
  A howler monkey (D:4)
  A hound (D:3)
  Ijyb (D:3)
  Natasha (thrice) (D:2)
  A gnoll (D:1)
  3 adders
  4 worms
  4 dart slugs
  6 orcs
  3 ball pythons
  7 bats
  7 endoplasms
  5 giant cockroaches
  7 hobgoblins
  4 jackals
  7 kobolds
  3 quokkas
  2 frilled lizards
  A goblin (D:3)
  4 rats
79 creatures vanquished.

Vanquished Creatures (others)
  A fungus (D:3)
1 creature vanquished.

Grand Total: 80 creatures vanquished

Notes
Turn   | Place    | Note
-------+----------+-------------------------------------------
     0 | D:1      | ryw the Gnoll Wanderer began the quest for the Orb.
     0 | D:1      | ryw set off with the following items: a +2 quarterstaff, a
                  | +0 spear, a +0 cloak, a scroll of fear, a +0 robe
     0 | D:1      | Reached XP level 1. HP: 17/17 MP: 6/6
   243 | D:1      | Reached XP level 2. HP: 19/23 MP: 7/7
   573 | D:1      | Reached skill level 5 in Spellcasting
   573 | D:1      | Reached XP level 3. HP: 13/28 MP: 7/9
  1334 | D:1      | Found a faded altar of an unknown god.
  1437 | D:2      | Reached skill level 1 in Invocations
  1546 | D:2      | Noticed Natasha
  1548 | D:2      | Killed Natasha
  1549 | D:2      | Reached skill level 1 in Short Blades
  1549 | D:2      | Reached skill level 1 in Long Blades
  1549 | D:2      | Reached skill level 1 in Axes
  1549 | D:2      | Reached skill level 1 in Maces & Flails
  1549 | D:2      | Reached skill level 1 in Slings
  1549 | D:2      | Reached skill level 1 in Bows
  1549 | D:2      | Reached skill level 1 in Crossbows
  1549 | D:2      | Reached skill level 1 in Throwing
  1549 | D:2      | Reached skill level 1 in Stealth
  1549 | D:2      | Reached skill level 1 in Shields
  1549 | D:2      | Reached skill level 1 in Unarmed Combat
  1549 | D:2      | Reached skill level 1 in Evocations
  1549 | D:2      | Reached XP level 4. HP: 34/34 MP: 11/11
  1560 | D:2      | Noticed Natasha
  1570 | D:2      | Killed Natasha
  1571 | D:2      | Reached skill level 1 in Conjurations
  1571 | D:2      | Reached skill level 1 in Hexes
  1571 | D:2      | Reached skill level 1 in Summonings
  1571 | D:2      | Reached skill level 1 in Necromancy
  1571 | D:2      | Reached skill level 1 in Translocations
  1571 | D:2      | Reached skill level 1 in Transmutations
  1571 | D:2      | Reached skill level 1 in Fire Magic
  1571 | D:2      | Reached skill level 1 in Ice Magic
  1571 | D:2      | Reached skill level 1 in Air Magic
  1571 | D:2      | Reached skill level 1 in Earth Magic
  1571 | D:2      | Reached skill level 1 in Poison Magic
  1576 | D:2      | Noticed Natasha
  1587 | D:2      | Gained mutation: You possess an exceptional clarity of
                  | mind. [potion of mutation]
  1587 | D:2      | Gained mutation: Your flesh is cold resistant. (rC+)
                  | [potion of mutation]
  1592 | D:2      | Killed Natasha
  1593 | D:2      | Reached XP level 5. HP: 3/40 MP: 12/12
  2085 | D:2      | Found Wekk's Magic Scroll Emporium.
  2309 | D:3      | Found Jublobb's General Store.
  2310 | D:3      | Noticed Ijyb
  2318 | D:3      | Killed Ijyb
  2384 | D:3      | Found Kodath's Magic Scroll Boutique.
  2475 | D:3      | Found Wiax's Jewellery Boutique.
  2807 | D:3      | Found Ruvyd's Magic Scroll Shoppe.
  2898 | D:3      | Reached XP level 6. HP: 44/47 MP: 13/13
  3278 | D:4      | Reached skill level 5 in Polearms
  3680 | D:4      | Reached XP level 7. HP: 51/52 MP: 15/15
  3713 | D:4      | Reached skill level 7 in Staves
  4263 | D:5      | Entered Level 5 of the Dungeon
  4263 | D:5      | Found a staircase to the Ecumenical Temple.
  4992 | D:4      | HP: 2/43 [wight/+4 long sword (1)]
  4992 | D:4      | Mangled by a wight

Illustrated notes

Levels and vault maps discovered:
D:1:      elethiomel_arrival_infinity_welcomes_careful_drivers, layout_basic,
          dreamdust_ecumenical_altar_sealed_demon
D:2:      layout_basic, serial_shops, shop, wad_orctagon, uniq_natasha
D:3:      layout_loops_cross, serial_shops, shop, nicolae_shop_waterfront,
          nicolae_shop_window_shopping, nicolae_lakefront_shop, st_stairs_2,
          dreamdust_mushroom_princess, grunt_ministairs_13,
          amcnicky_mini_rare_corridor_liquid, uniq_ijyb
D:4:      layout_loops_ring
D:5:      layout_rooms, minmay_temple_entry_purple_smoke

Skill      XL: |  1  2  3  4  5  6  7 |
---------------+----------------------+-----
Spellcasting   | 5 |  5.6
Invocations    | 1 2 |  2.7
Short Blades   | 1 2 |  2.5
Long Blades    | 1 2 |  2.5
Axes           | 1 2 |  2.5
Maces & Flails | 1 2 |  2.5
Slings         | 1 2 |  2.5
Bows           | 1 2 |  2.5
Crossbows      | 1 2 |  2.5
Throwing       | 1 2 |  2.5
Stealth        | 1 2 |  2.5
Shields        | 1 2 |  2.5
Unarmed Combat | 1 2 |  2.5
Evocations     | 1 2 |  2.5
Conjurations   | 1 2 |  2.0
Hexes          | 1 2 |  2.0
Summonings     | 1 2 |  2.0
Necromancy     | 1 2 |  2.0
Translocations | 1 2 |  2.0
Transmutations | 1 2 |  2.0
Fire Magic     | 1 2 |  2.0
Ice Magic      | 1 2 |  2.0
Air Magic      | 1 2 |  2.0
Earth Magic    | 1 2 |  2.0
Poison Magic   | 1 2 |  2.0
Fighting       | 3 |  3.6
Armour         | 3 |  3.6
Dodging        | 3 |  3.6
Polearms       | 5 |  5.2
Staves         | 7 |  7.0

Action                   |  1- 3 |  4- 6 |  7- 9 || total
-------------------------+-------+-------+-------++-------
Melee: Quarterstaff      |    67 |   137 |    32 ||   236
       Bite              |     8 |    13 |     4 ||    25
       Great sword       |       |       |    20 ||    20
Throw: Dart              |       |     5 |       ||     5
  Use: Potion            |       |     1 |     1 ||     2
       Scroll            |       |     6 |       ||     6
 Stab: Sleeping          |     1 |     1 |       ||     2
Armor: Leather armour    |    16 |    28 |       ||    44
       Scale mail        |       |    17 |    24 ||    41
Dodge: Dodged            |    41 |    73 |    31 ||   145

Table legend: (Time is in decaauts)
 A = Elapsed time spent in this place.
 B = Non-inter-level travel time spent in this place.
 C = Inter-level travel time spent in this place.
 D = Time resting spent in this place.
 E = Time spent auto-exploring this place.
 F = Levels seen in this place.
 G = Mean time per level.
                   A        B        C        D        E       F      G
               +--------+--------+--------+--------+--------+-----+--------+
         Total |   5036 |   4854 |    182 |    834 |   3206 |   5 | 1007.2 |
       Dungeon |   5036 |   4854 |    182 |    834 |   3206 |   5 | 1007.2 |
               +--------+--------+--------+--------+--------+-----+--------+

Top non-repeatable levels by time:
     D:4: 1413 daAuts
     D:1: 1411 daAuts
     D:3: 1245 daAuts
     D:2: 949 daAuts
     D:5: 16 daAuts
